 Dungeon Crawl Stone Soup version 0.21.1-1-g345015f (webtiles) character file.

96 letownia2 the Magician (level 4, 0/30 HPs)
             Began as a Merfolk Wizard on Mar 11, 2018.
             Slain by an orc priest
             ... wielding a +0 mace
              (6 damage)
             ... on level 3 of the Dungeon.
             The game lasted 00:05:57 (988 turns).

letownia2 the Magician (Merfolk Wizard)              Turns: 988, Time: 00:05:58

Health: 0/30       AC:  5    Str:  8    XL:     4   Next: 67%
Magic:  2/8        EV: 12    Int: 17    God:
Gold:   76         SH:  0    Dex: 12    Spells: 0/9 levels left

rFire    . . .     SeeInvis .   f - +0 dagger
rCold    . . .     Gourm    .   (no shield)
rNeg     . . .     Faith    .   g - +0 leather armour
rPois    .         Spirit   .   o - +0 helmet
rElec    .         Reflect  .   (no cloak)
rCorr    .         Harm     .   k - +0 pair of gloves
MR       .....                  (no boots)
Stlth    ++........             (no amulet)
HPRegen  0.10/turn              (no ring)
MPRegen  0.11/turn              (no ring)

@: hasted, very quick
A: change form in water, swift swim, stealthy swim
a: no special abilities


You were on level 3 of the Dungeon.
You were not hungry.

You visited 1 branch of the dungeon, and saw 3 of its levels.

You collected 76 gold pieces.

Inventory:

Hand Weapons
 f - a +0 dagger (weapon)
Missiles
 e - 4 tomahawks (quivered)
Armour
 g - a +0 leather armour (worn)
 k - a +0 pair of gloves (worn)
 l - a +0 ring mail
 o - a +0 helmet (worn)
Scrolls
 a - a scroll of amnesia {unknown}
 i - 2 scrolls of enchant weapon {unknown}
 m - 2 scrolls of identify {unknown}
 p - a scroll of teleportation {unknown}
Potions
 h - a potion of lignification {unknown}
 n - a potion of invisibility {unknown}
Books
 c - a book of Minor Magic

   Spells                             Type                      Level
   a - Magic Dart                     Conjuration                  1
   b - Blink                          Translocation                2
   c - Call Imp                       Summoning                    2
   d - Slow                           Hexes                        2
   e - Conjure Flame                  Conjuration/Fire             3
   f - Mephitic Cloud                 Conjuration/Poison/Air       3
Comestibles
 d - 3 rations
 q - a chunk of flesh


   Skills:
 + Level 0.1 Fighting
 + Level 0.2 Armour
 - Level 2.6 Dodging
 - Level 2.1 Stealth
 - Level 3.0 Spellcasting
 - Level 2.0 Conjurations
 - Level 2.2 Summonings
   Level 0.7 Translocations
 + Level 0.2 Fire Magic
 + Level 1.1 Air Magic
 + Level 1.6 Poison Magic


You couldn't memorise any spells.
You knew the following spells:

 Your Spells              Type           Power        Failure   Level  Hunger
a - Magic Dart            Conj           #...         11%         1    None
c - Conjure Flame         Conj/Fire      #.......     43%         3    ###....
e - Mephitic Cloud        Conj/Pois/Air  #.......     36%         3    ###....
i - Call Imp              Summ           ##......     14%         2    ##.....


Dungeon Overview and Level Annotations

Branches:
Dungeon (3/15)

Altars:
Fedhas
Yredelemnul

Annotations:
D:3 Grinder


Message History

Throwing (i - inventory. (,) - cycle):
j - 2 javelins (quivered)
Press: ? - help, Shift-Dir - straight line, f - orc priest
Aim: an orc priest, wielding a mace and wearing a leather armour You throw a javelin.
The javelin hits the orc priest.
The orc priest is moderately wounded.
The orc priest barely misses you.
Unknown command.
Unknown command.
Throwing (i - inventory. (,) - cycle):
j - a javelin (quivered)
Press: ? - help, Shift-Dir - straight line, f/p - orc priest
Aim: an orc priest, wielding a mace and wearing a leather armour (moderately wounded)
You throw a javelin. The javelin hits the orc priest.
The orc priest is severely wounded.
The orc priest hits you with a mace.
* * * LOW HITPOINT WARNING * * *
Unknown command.
Unknown command.
It was a potion of haste.
You feel yourself speed up. The orc priest hits you with a mace.
You die...

#.# ##...## #.#
##'## #.# #.# #.#
#.# ##.## ######
##...## #....† #
####.....# #.####
#.###.).....# #.#
#((o@.>.#..#####.#
#####.#..........#
#......#######
######.# #.# #.#
#.# #.# #.#


You could see an orc priest.

Vanquished Creatures
  Jessica (D:2)
  4 leopard geckos (D:1)
  2 orcs (D:3)
  A giant cockroach (D:2)
  4 goblins (D:1)
  4 hobgoblins (D:1)
  4 jackals (D:3)
  2 bats (D:1)
  3 frilled lizards
  4 kobolds
  2 rats
31 creatures vanquished.

Vanquished Creatures (collateral kills)
  Terence (D:2)
  3 adders
  An orc (D:3)
5 creatures vanquished.

Grand Total: 36 creatures vanquished

Notes
Turn   | Place    | Note
-------+----------+-------------------------------------------
     0 | D:1      | letownia2 the Merfolk Wizard began the quest for the Orb.
     0 | D:1      | Reached XP level 1. HP: 13/13 MP: 4/4
    41 | D:1      | Reached skill level 1 in Conjurations
   106 | D:1      | Reached XP level 2. HP: 19/19 MP: 1/6
   251 | D:1      | Learned a level 2 spell: Call Imp
   308 | D:1      | Reached XP level 3. HP: 14/24 MP: 0/7
   313 | D:1      | Learned a level 3 spell: Mephitic Cloud
   361 | D:2      | Noticed Terence
   480 | D:2      | Killed Terence
   555 | D:2      | Noticed Jessica
   566 | D:2      | Killed Jessica
   566 | D:2      | Reached skill level 1 in Air Magic
   566 | D:2      | Reached skill level 1 in Poison Magic
   566 | D:2      | Reached XP level 4. HP: 23/30 MP: 0/8
   677 | D:3      | Learned a level 3 spell: Conjure Flame
   764 | D:3      | Noticed Grinder
   789 | D:3      | Paralysed by Grinder for 6 turns
   882 | D:3      | Found a basalt altar of Yredelemnul.
   882 | D:3      | Found a blossoming altar of Fedhas.
   988 | D:3      | Slain by an orc priest

Skill      XL: |  1  2  3 |
---------------+----------+-----
Conjurations   | 1 2 |  2.0
Summonings     | 2 |  2.2
Air Magic      | 1 |  1.1
Poison Magic   | 1 |  1.6
Fighting       | |  0.1
Armour         | |  0.2
Dodging        | |  2.6
Stealth        | |  2.1
Spellcasting   | |  3.0
Translocations | |  0.7
Fire Magic     | |  0.2

Action                   |  1- 3 |  4- 6 || total
-------------------------+-------+-------++-------
Melee: Dagger            |    37 |    31 ||    68
Throw: Tomahawk          |    13 |       ||    13
       Javelin           |     1 |     5 ||     6
 Cast: Magic Dart        |    38 |    13 ||    51
       Call Imp          |     4 |     6 ||    10
  Use: Potion            |       |     1 ||     1
 Stab: Sleeping          |     2 |       ||     2
  Eat: Chunk             |       |     1 ||     1
Armor: Robe              |     5 |       ||     5
       Leather armour    |       |    14 ||    14
Dodge: Dodged            |    39 |    40 ||    79
